 Dungeon Crawl Stone Soup version 0.22-a0-425-g89d60a1 (webtiles) character file.

25 suvakkihuora the Ducker (level 2, -1/16 HPs)
             Began as a Spriggan Berserker on May 24, 2018.
             Was an Initiate of Okawaru.
             Slain by a worm (5 damage)
             ... on level 3 of the Dungeon.
             The game lasted 00:02:34 (1262 turns).

suvakkihuora the Ducker (Spriggan Berserker)        Turns: 1262, Time: 00:02:35

Health: -1/16      AC:  2    Str: 13    XL:     2   Next: 86%
Magic:  3/3        EV: 20    Int:  8    God:    Okawaru [......]
Gold:   60         SH:  0    Dex: 15    Spells: 1/1 levels left

rFire    . . .     SeeInvis +   g - +0 rapier
rCold    . . .     Gourm    .   (shield restricted)
rNeg     . . .     Faith    .   b - +0 animal skin
rPois    .         Spirit   .   (helmet restricted)
rElec    .         Reflect  .   (no cloak)
rCorr    .         Harm     .   (gloves unavailable)
MR       .....                  (boots unavailable)
Stlth    +.........             (no amulet)
HPRegen  0.05/turn              (no ring)
MPRegen  0.08/turn              (no ring)

@: very quick
A: very small, unfitting armour, see invisible, herbivore, speed 3, slow
metabolism 2
a: Renounce Religion


You were on level 3 of the Dungeon.
You worshipped Okawaru.
Okawaru was noncommittal.
You were not hungry.

You visited 1 branch of the dungeon, and saw 3 of its levels.

You collected 60 gold pieces.

Inventory:

Hand Weapons
 g - a +0 rapier (weapon)
Armour
 b - a +0 animal skin (worn)
Scrolls
 a - a scroll of immolation {unknown}
 d - 2 scrolls of identify {unknown}
 e - a scroll of fog {unknown}
 h - a scroll of remove curse {unknown}
Potions
 f - 2 potions of heal wounds
 i - a potion of lignification {unknown}
Comestibles
 c - a ration


   Skills:
 * Level 2.7 Fighting
 * Level 3.8 Short Blades
 * Level 5.0 Dodging


You had one spell level left.
You didn't know any spells.
Your spell library was empty.

Dungeon Overview and Level Annotations

Branches:
Dungeon (3/15)

Altars:
Okawaru


Innate Abilities, Weirdness & Mutations

You are very small and have problems with some larger weapons.
You are too small for most types of armour.
You have supernaturally acute eyesight. (SInv)
You are a herbivore.
You cover ground extremely quickly.
You need to consume almost no food.


Message History

The goblin hits you from afar with a spear.
* * * LOW HITPOINT WARNING * * *
The goblin barely misses you.
There is an iron altar of Okawaru here.
You kneel at the altar of Okawaru.
Okawaru welcomes you!
You start resting.
A worm comes into view.
You start resting.
The worm is too close now for your liking.
A worm is nearby!
You hear the slow rusting of a drain nearby.
You barely miss the worm. You hit the worm.
The worm is moderately wounded.
The worm barely misses you.
You barely miss the worm.
The worm is lightly wounded.
The worm bites you.
You die...

#<................
#.####..###.#......##..
#.....<................
.........##.#≈≈.≈≈##...
#.####.####.#g≈.≈g#
.... ..#≈≈.≈≈# #.#.#
#..#..8..# #.#.#
#..#.8w8.# # #.#
#..#..8@.# #.#
##.#######


You could see a worm and 2 goblins.

Vanquished Creatures
  A dart slug (D:1)
  2 leopard geckos (D:1)
  4 bats (D:1)
  2 giant cockroaches
  3 goblins (D:1)
  3 hobgoblins (D:1)
  A kobold (D:3)
  3 rats (D:1)
19 creatures vanquished.

Notes
Turn   | Place    | Note
-------+----------+-------------------------------------------
     0 | D:1      | suvakkihuora the Spriggan Berserker began the quest for the Orb.
     0 | D:1      | Reached XP level 1. HP: 11/11 MP: 2/2
     0 | D:1      | Fell from the grace of Trog
   507 | D:1      | Reached XP level 2. HP: 7/16 MP: 3/3
   551 | D:1      | Paralysed by Trog for 7 turns
  1101 | D:1      | Reached skill level 5 in Dodging
  1202 | D:3      | Found an iron altar of Okawaru.
  1216 | D:3      | Became a worshipper of Warmaster Okawaru
  1262 | D:3      | Slain by a worm

Vault maps used:
D:1:      giann_bridges, kennysheep_small_spiral
D:3:      kiku_gazebo_garden_becter, first_ration, portal_sewer_entry_b,
          kennysheep_okawaru_gauntlet

Skill      XL: |  1  2 |
---------------+-------+-----
Dodging        | 5 |  5.0
Fighting       | |  2.7
Short Blades   | |  3.8

Action                   || total
-------------------------++-------
Melee: Short sword       ||    34
       Rapier            ||    36
Invok: Renounce Religion ||     1
  Use: Potion            ||     1
Armor: Animal skin       ||     3
Dodge: Dodged            ||    61

Table legend:
 A = Spawn XP
 B = Non-spawn XP
 C = Spawn XP percentage of total XP
 D = Spawn monster count
 E = Non-spawn monster count
 F = Spawn count percentage of total count
 G = Total turns spent on level
                    A         B        C        D         E        F      G
               +---------+---------+-------+---------+---------+-------+---------
         Total |       0 |      37 |   0.0 |       0 |      19 |   0.0 |  1262
               +---------+---------+-------+---------+---------+-------+---------
           D:1 |       0 |      34 |   0.0 |       0 |      17 |   0.0 |  1136
           D:3 |       0 |       3 |   0.0 |       0 |       2 |   0.0 |    66
               +---------+---------+-------+---------+---------+-------+---------
